Unix NetHack Version 3.7.0-102 Work-in-progress - last build Apr 6 2024 13:22:21 (d302a6a9ff6341f1a922d8f5af178406b35fdf99,branch:master). Game began 2024-04-12 20:40:08, ended 2024-04-12 22:03:48. Gilette, lawful male human Samurai ------------------------ |.[....)....%.....%...[| |..-------------------.| ----.| ----- |.| |..|.-- --...| |.| |....`|--|`...| |.| |.....|..|....| |.| --.`.`|......-- |`| |.```...|...| ------|.| |.```|..|...| --|...h$|.| |....---|...| |`-....%|.| |.......|..-- |-|.)?..|.| ----....|.-- |.-$(#%.%%| ---.--.| |-|..u..|-- |.....| |?-.m@..| |>.|..| --|...@.| ------- ------- Gilette the Ninja St:25 Dx:16 Co:18 In:10 Wi:13 Ch:11 Lawful Dlvl:4 $:1006 HP:0(84) Pw:36(36) AC:-2 Xp:9/4714 T:8381 Latest messages: You hit the warg! The warg bites! You hit the warg! You kill the warg! You stop. The hobbit is in the way! You stop. The hobbit is in the way! You feel yourself slow down a bit. You swap places with the peaceful tengu. The leprechaun just misses! You hit the leprechaun! You kill the leprechaun! $ - 890 gold pieces (1006 in total). A mysterious force prevents the tengu from teleporting! You see a gas cloud dissipate. The black unicorn misses! The black unicorn kicks! That gold was a small mimic! The black unicorn misses! The black unicorn misses! You hit the black unicorn! You hit the black unicorn! The small mimic just misses! The black unicorn butts! The black unicorn misses! The black unicorn butts! The black unicorn kicks! What do you want to drink? Never mind. What do you want to write with? Never mind. Are you sure you want to pray? [yes|no] yes You begin praying to Amaterasu Omikami. A mysterious force prevents the tengu from teleporting! A mysterious force prevents the black unicorn from teleporting! You finish your prayer. You feel that Amaterasu Omikami is displeased. The sergeant picks up a burnt elven spear. You see a gas cloud dissipate. What do you want to read? Never mind. What do you want to zap? In what direction? . You are suddenly moving faster. The sergeant tries to wield a burnt elven spear. The sergeant's nunchaku is welded to her hand! The sergeant is caught in a spider web. A mysterious force prevents the tengu from teleporting! The sergeant swings her nunchaku. The sergeant hits! You die... Inventory: Coins ('$') $ - 1006 gold pieces Weapons (')') S - an uncursed +0 elven arrow (in quiver) R - 3 cursed poisoned -1 orcish arrows a - an uncursed +0 katana (wielded in left hand) K - the uncursed rustproof +0 Snickersnee (wielded in right hand) Armor ('[') x - an uncursed +0 dwarvish iron helm (being worn) B - an uncursed rustproof +0 pair of gauntlets of power (being worn) Z - an uncursed burnt +0 pair of elven boots (being worn) E - an uncursed +0 cloak of protection (being worn) e - an uncursed rustproof +0 splint mail (being worn) Scrolls ('?') F - an uncursed scroll of blank paper Y - 2 cursed scrolls of blank paper c - an uncursed scroll of create monster g - 2 cursed scrolls of destroy armor w - an uncursed scroll of earth G - an uncursed scroll of enchant armor f - an uncursed scroll of gold detection b - a cursed scroll of teleportation Potions ('!') r - an uncursed potion of blindness q - a cursed potion of blindness v - 3 cursed potions of healing C - an uncursed potion of levitation d - an uncursed potion of monster detection L - an uncursed potion of object detection D - a cursed potion of object detection I - a blessed potion of sake Rings ('=') H - an uncursed +4 ring of increase damage O - a cursed -1 ring of increase damage i - an uncursed ring of poison resistance (on left hand) M - an uncursed ring of protection from shape changers u - an uncursed ring of shock resistance Wands ('/') t - an uncursed wand of digging (0:7) Q - an uncursed wand of digging (0:7) j - a cursed wand of digging (0:4) T - an uncursed wand of nothing (0:10) y - a cursed wand of polymorph (0:5) P - an uncursed wand of secret door detection (0:13) s - a cursed wand of sleep (0:3) N - an uncursed wand of speed monster (0:4) J - an uncursed wand of undead turning (0:3) Tools ('(') W - an uncursed +0 unicorn horn Gems/Stones ('*') h - an uncursed worthless piece of yellow glass Gilette the Samurai's attributes: Background: You were a Ninja, a level 9 male human Samurai. You were lawful, on a mission for Amaterasu Omikami who was opposed by Raijin (neutral) and Susanowo (chaotic). You were right-handed. You were in Sokoban, on level 4. You entered the dungeon 8381 turns ago. It was nighttime. You had 4714 experience points, 406 more were needed to attain level 10. Basics: You had 0 out of 84 hit points. You had all 36 energy points (spell power). Your armor class was -2. Your wallet contained 1006 zorkmids. Autopickup was on for '$?!"=/*' plus thrown, with exceptions. Final Characteristics: Your strength was 25 (base:16, innate limit:18/100). Your dexterity was 16 (limit:18). Your constitution was 18 (limit:18). Your intelligence was 10 (limit:18). Your wisdom was 13 (limit:18). Your charisma was 11 (limit:18). Final Status: You weren't hungry. You were unencumbered. You were wielding two weapons at once. Your skill in long sword was limited by being skilled with two weapons. Final Attributes: You were piously aligned. You were sleep resistant. You were poison resistant. You were telepathic. You were stealthy. You were protected. You were very fast. You were unlucky. You are dead. Miscellaneous: You encountered 1 bones level. Total elapsed playing time was 1 hour, 23 minutes and 40 seconds. Major events: Turn 1: Gilette the lawful male human Samurai entered the dungeon 422: attained the rank of Ronin (level 3) 2185: attained the rank of Ninja (level 6) 2195: was bestowed with Snickersnee by Amaterasu Omikami 2949: entered the Gnomish Mines 3312: reached Mine Town 4654: destroyed wink42's ghost, the former Thaumaturge 4877: was bestowed with Trollsbane by Amaterasu Omikami 5837: entered Sokoban 6070: completed 1st Sokoban level 6564: completed 2nd Sokoban level 7030: completed 3rd Sokoban level 8295: completed 4th Sokoban level 8381: killed by a sergeant Vanquished creatures: a ghost a giant mimic an elf-noble a sergeant 3 wargs 2 small mimics an ettin mummy an ogre leader a quantum mechanic a sasquatch a flaming sphere an ochre jelly a leocrotta an elf mummy a carnivorous ape 2 ettin zombies a Grey-elf an amorous demon a crocodile 7 wolves a winter wolf cub 4 leprechauns an iron piercer a giant spider a horse an ice vortex a forest centaur a gnome ruler 2 brown puddings an owlbear a gold golem a lizard a chickatrice a dog a housecat 2 blue jellies a gray unicorn a dust vortex a raven 2 gnome mummies 2 Woodland-elves a soldier ant 3 fire ants 3 bugbears 2 water nymphs 2 mountain nymphs 3 Mordor orcs an Uruk-hai 3 rock piercers 4 rock moles a pony 5 fog clouds 3 yellow lights a shrieker 3 violet fungi 8 gnome leaders 3 gnomish wizards 3 straw golems 2 little dogs a floating eye 5 kittens 2 dwarves a kobold shaman 10 hill orcs 2 rothes a rabid rat 3 giant bats 2 dwarf zombies a wererat a werejackal 2 iguanas 8 killer bees 3 acid blobs 2 gas spores 2 manes a large kobold a hobgoblin 2 giant rats 3 cave spiders 27 gnomes 2 garter snakes 6 geckos 2 jackals 2 kobolds 2 goblins 3 sewer rats 4 grid bugs 4 bats 6 lichens 2 kobold zombies 3 newts 225 creatures vanquished. No species were genocided or became extinct. Voluntary challenges: You read items or engraved 26 times. You engraved Elbereth 9 times. You never genocided any monsters. You used no wishes. You violated the special Sokoban rules once. Achievements: You entered a shop. You attained the rank of Ronin. You attained the rank of Ninja. You entered the Gnomish Mines. You entered Minetown. You entered a temple. You entered Sokoban. The Dungeons of Doom: levels 1 to 8 Level 1: A fountain, a sink, a grave. Level 2: Level 3: A fountain. Level 4: Stairs down to The Gnomish Mines. Level 5: An altar to Amaterasu Omikami. Level 6: Some fountains, a grave. Level 7: Final resting place for wink42-Wiz-Hum-Mal-Neu, killed by a rock mole. Level 8: Stairs up to Sokoban, level 7. The Gnomish Mines: levels 5 to 8 Level 5: Level 6: Level 7: A temple and an altar, some fountains. Level 8: Sokoban: levels 7 up to 4 Level 4: <- You were here. Solved. Final resting place for you, killed by a sergeant. Level 5: Solved. Level 6: Solved. Level 7: Solved. Game over: ---------- / \ / REST \ / IN \ / PEACE \ / \ | Gilette | | 1006 Au | | killed by a | | sergeant | | | | | | 2024 | *| * * * | * _________)/\\_//(\/(/\)/\//\/|_)_______ Sayonara Gilette the Samurai... You died in Sokoban on dungeon level 4 with 20222 points, and 1006 pieces of gold, after 8381 moves. You were level 9 with a maximum of 84 hit points when you died.